 Dungeon Crawl Stone Soup version 0.31-a0-614-gc85dc1c48c (webtiles) character file.

Game seed: 11522020612143755965

103114 Essalna the Warrior (level 15, -10/129 HPs)
             Began as a Red Draconian Shapeshifter on Aug 22, 2023.
             Was the Champion of Hepliaklqana.
             Mangled by a bone dragon (18 damage)
             ... on level 3 of the Abyss.
             The game lasted 00:58:38 (22453 turns).

Essalna the Warrior (Red Draconian Shapeshifter)   Turns: 22453, Time: 00:58:38

Health: -10/129    AC: 19    Str: 18    XL:     15   Next: 88%
Magic:  15/15      EV: 25    Int:  4    God:    Hepliaklqana [******]
Gold:   1444       SH:  0    Dex: 19    Spells: 11/14 levels left

rFire   + .          .
                       - Unarmed
rCold   . . .        (no shield)
rNeg    . . .        (body armour unavailable)
rPois   .            Z - +2 hat {SInv}
rElec   .            C - +2 cloak
rCorr   .            (no gloves)
SInv    +            R - +0 pair of boots
Will    +....        N - amulet of regeneration
Stlth   ++           L - +5 ring of evasion
HPRegen 1.21/turn    A - +4 ring of protection
MPRegen 0.14/turn

%: no passive effects
@: about to teleport, maw-form, studying Shields
A: devouring maw, reduced essence, breathe fire, AC +9, unfitting armour, fire
resistance 1, cold-blooded, [dopey 2], [subdued magic 2]
a: Breathe Fire, Begin Untransformation, Renounce Religion, Recall Ancestor,
Ancestor Identity, Transference, Idealise


You were on level 3 of the Abyss.
You worshipped Hepliaklqana.
Hepliaklqana was exalted by your worship.
You were a creature with a mouth for a stomach.
You visited 4 branches of the dungeon, and saw 23 of its levels.
You visited the Abyss 2 times.
You also visited: Ossuary and Gauntlet.

You collected 1984 gold pieces.
You spent 540 gold pieces at shops.

Inventory:

Armour
 C - a +2 cloak (worn)
 R - a +0 pair of boots (worn)
 Y - the +0 cloak "Fangiqi" {Will++ rCorr Str-4 SInv}
   (You found it in a Gauntlet)

   Str-4:     It affects your strength (-4).
   Will++:    It greatly increases your willpower.
   SInv:      It lets you see invisible.
   rCorr:     It protects you from acid and corrosion.
 Z - a +2 hat of see invisible (worn)
Jewellery
 b - a ring of fire
 y - a ring of protection from fire
 A - a +4 ring of protection (right hand)
 G - a ring of protection from cold
 I - a ring of protection from cold
 L - a +5 ring of evasion (left hand)
 M - a +6 ring of strength
 N - an amulet of regeneration (around neck)
 V - a ring of resist corrosion
 X - the ring "Zaf Sois" {Wiz rN+ Will+}
   (You found it in a Gauntlet)

   [ring of wizardry]

   Wiz:       It improves your spell success rate.
   rN+:       It protects you from negative energy.
   Will+:     It increases your willpower.
Talismans
 H - a maw talisman (active)
 U - a blade talisman
Wands
 p - a wand of polymorph (3)
 w - a wand of flame (90)
 F - a wand of roots (15)
 P - a wand of acid (2)
 Q - a wand of digging (4)
 W - a wand of paralysis (1)
Scrolls
 d - 3 scrolls of revelation
 e - a scroll of fear
 g - 6 scrolls of enchant weapon
 i - 15 scrolls of identify
 m - 3 scrolls of noise {unknown}
 n - a scroll of summoning
 o - 5 scrolls of enchant armour
 s - 4 scrolls of poison
 t - 5 scrolls of immolation
 x - 4 scrolls of fog
 B - 2 scrolls of acquirement {unknown}
 E - 3 scrolls of torment {unknown}
 K - 4 scrolls of vulnerability {unknown}
 O - 2 scrolls of blinking
 T - a scroll of teleportation
Potions
 c - a potion of brilliance {unknown}
 f - 3 potions of resistance {unknown}
 h - 4 potions of might {unknown}
 j - 17 potions of degeneration
 k - 3 potions of enlightenment {unknown}
 l - 3 potions of mutation {unknown}
 q - 3 potions of invisibility {unknown}
 r - a potion of berserk rage {unknown}
 u - 4 potions of attraction
 v - 3 potions of magic {unknown}
 z - 3 potions of lignification
 D - 2 potions of curing
 J - 2 potions of haste {unknown}


   Skills:
 + Level 16.2 Fighting
 + Level 12.6 Dodging
 + Level 15.1 Unarmed Combat
 + Level 2.0 Ice Magic
 + Level 13.0 Shapeshifting


You had 11 spell levels left.
You knew the following spells:

 Your Spells              Type           Power      Damage    Failure   Level
a - Ozocubu's Armour      Ice            1%         N/A       50%         3

Your spell library contained the following spells:

 Spells                   Type           Power      Damage    Failure   Level
 Freeze                   Ice            4%         1d3       19%         1
 Apportation              Tloc           0%         N/A       41%         1
 Kiss of Death            Conj/Necr      0%         2d5       41%         1
 Necrotise                Necr           0%         1d4       41%         1
 Summon Small Mammal      Summ           0%         N/A       41%         1
 Ensorcelled Hibernation  Hex/Ice        0%         N/A       41%         2
 Frozen Ramparts          Ice            2%         1d1       50%         3
 Lesser Beckoning         Tloc           0%         N/A       56%         2
 Hailstorm                Conj/Ice       0%         3d3       67%         3
 Call Canine Familiar     Summ           0%         N/A       80%         3
 Confusing Touch          Hex            0%         N/A       80%         3
 Gell's Gravitas          Tloc           0%         N/A       80%         3
 Inner Flame              Hex/Fire       0%         N/A       80%         3
 Portal Projectile        Hex/Tloc       0%         N/A       80%         3
 Teleport Other           Tloc           0%         N/A       80%         3
 Vampiric Draining        Necr           0%         2d6       80%         3
 Vhi's Electric Charge    Tloc/Air       0%         N/A       80%         3
 Anguish                  Hex/Necr       0%         N/A       99%         4
 Cause Fear               Hex            0%         N/A       99%         4
 Dispel Undead            Necr           0%         3d6       99%         4
 Flame Wave               Conj/Fire      0%         2d4       99%         4
 Leda's Liquefaction      Hex/Erth       0%         N/A       99%         4
 Sticky Flame             Conj/Fire      0%         2d3       99%         4
 Agony                    Necr           0%         N/A       100%        5
 Arcjolt                  Conj/Air       0%         1d10      100%        5
 Yara's Violent Unravell  Hex/Tmut       0%         3d3       100%        5
 Enfeeble                 Hex            0%         N/A       100%        7
 Ozocubu's Refrigeration  Ice            0%         4d7       100%        7
 Maxwell's Capacitive Co  Air            0%         ∞         100%        8


Dungeon Overview and Level Annotations

Branches:
Dungeon (15/15)            Temple (1/1) D:7            Lair (5/5) D:11
 Shoals (0/4) Lair:2       Spider (0/4) Lair:3        Slime (0/5) Lair:4
    Orc (2/2) D:9          Vaults (0/5) D:13        Ossuary (visited)
Gauntlet (visited)
    Elf: Orc:2       Depths: D:15

Altars:
Ashenzari
Cheibriados
Dithmenos
Elyvilon
Fedhas
Gozag
Hepliaklqana
Kikubaaqudgha
Makhleb
Nemelex Xobeh
Okawaru
Qazlal
Ru
Sif Muna
Trog
Uskayaw
Vehumet
Wu Jian
Xom
Yredelemnul
Zin
The Shining One
Jiyva

Shops:
D:2 (   D:7 :   D:14 =   D:15 =   Orc:1 =

Annotations:
D:6 3 runed translucent doors, mohammadb5305's ghost, novice HuFE


Innate Abilities, Weirdness & Mutations

You are a creature with a mouth for a stomach.
Your midsection houses a second, enormous mouth.
Your life essence is reduced to manifest your ancestor. (-10% HP)
You can breathe blasts of fire.
Your fiery red scales are hard. (AC +9)
You cannot fit into any form of body armour.
Your flesh is heat resistant. (rF+)
You are cold-blooded and may be slowed by cold attacks.
[You are very dopey. (Int -4)]
[Your spells are easier to cast, but less powerful.]


Message History

You hit the bone dragon.
You tail-slap the bone dragon, but do no damage.
The bone dragon is lightly damaged.
The bone dragon bites you but does no damage.
The bone dragon completely misses you. x2
You hit the bone dragon but do no damage.
Your tail-slap misses the bone dragon.
The bone dragon is lightly damaged.
The bone dragon bites you!
* * * LOW HITPOINT WARNING * * *
The bone dragon claws you but does no damage.
The bone dragon tramples you but does no damage.
You barely miss the bone dragon. You punch the bone dragon!
You bite the bone dragon, but do no damage.
The bone dragon is lightly damaged.
The bone dragon bites you but does no damage.
The bone dragon claws you.
* * * LOW HITPOINT WARNING * * *
The bone dragon tramples you but does no damage.
The bone dragon bites you but does no damage.
The bone dragon claws you but does no damage.
The bone dragon tramples you but does no damage.
You feel better. The bone dragon closely misses you.
The bone dragon misses you. The bone dragon barely misses you.
The bone dragon bites you.
* * * LOW HITPOINT WARNING * * *
The bone dragon completely misses you. The bone dragon barely misses you.
You feel better. The bone dragon bites you!!
* * * LOW HITPOINT WARNING * * *
The bone dragon completely misses you.
The bone dragon tramples you but does no damage.
The bone dragon bites you!
* * * LOW HITPOINT WARNING * * *
The bone dragon claws you but does no damage.
The bone dragon completely misses you.
You feel better. The bone dragon bites you!
* * * LOW HITPOINT WARNING * * *
The bone dragon closely misses you. The bone dragon completely misses you.
The bone dragon bites you!!
You die...

... #.
..# _ .#
## .*.#
## ####*.
#.. .#D##
##.
#.#W## ##
Z.X##D#
......
#XX#
.#..# .
D..# # #
##.. ..#
. #.#...
.. .
#...#..#
#_..#####
#..#


You could see 2 bone dragons and a tentacled starspawn.

Vanquished Creatures
  Agnes (D:15)
  A very ugly thing (Abyss:2)
  An ettin (D:15)
  The ghost of Opifex the Marksspriggan, a journeyman SpHu of Okawaru (Lair:3)
  7 hydras
  7 vault guards (D:13)
  Erica (D:9)
  A catoblepas (Lair:1)
  3 centaur warriors
  A boulder beetle (D:12)
  A tengu warrior (D:15)
  A death scarab (Gauntlet)
  9 death yaks
  A hell knight (D:15)
  A sixfirhy (Abyss:2)
  3 skeletal warriors
  2 skysharks (Lair:5)
  A lindwurm (Lair:3)
  2 wizards
  An orc knight (D:14)
  Pikel (D:7)
  9 ugly things
  A deep elf zephyrmancer (D:15)
  2 cyclopes
  An oklob plant (Gauntlet)
  A deep elf pyromancer (D:15)
  2 will-o-the-wisps
  An orc sorcerer (Orc:1)
  A large abomination (Abyss:2)
  2 manticores
  A moth of wrath (Gauntlet)
  8 elephants
  4 black mambas
  Joseph (Lair:1)
  13 cane toads
  2 kobold demonologists
  An unseen horror (D:13)
  3 komodo dragons
  3 rime drakes
  A tengu conjurer (D:13)
  3 efreet
  A yaktaur (D:15)
  2 trolls
  A queen bee (Gauntlet)
  3 meliai (D:14)
  7 polar bears (Lair:5)
  Prince Ribbit (D:7)
  37 blink frogs
  10 slime creatures
  4 raiju (Lair:5)
  2 shadows
  6 dream sheep
  A jumping spider (shapeshifter) (D:14)
  3 wyverns
  2 wraiths
  Grum (D:9)
  5 basilisks
  A spectral komodo dragon (Gauntlet)
  Eustachio (D:4)
  43 yaks
  A steam dragon (D:7)
  8 vampire mosquitoes
  7 wargs
  Edmund (D:4)
  3 acid dragons
  11 hell hounds (Lair:5)
  8 water moccasins
  Duvessa (D:4)
  A swamp drake (D:13)
  5 ice beasts
  11 orc warriors
  6 sky beasts
  9 black bears
  An ogre (D:4)
  3 boggarts (D:14)
  35 wolves
  A tengu (shapeshifter) (D:14)
  4 centaurs
  2 lemures (D:7)
  2 phantoms
  Blork the orc (D:4)
  6 bullfrogs
  3 gnoll sergeants
  4 scorpions
  5 wights (D:8)
  Dowan (D:4)
  3 killer bees (Gauntlet)
  3 electric eels
  2 centaur zombies (Ossuary)
  2 gnoll boudas (D:8)
  2 human zombies (Ossuary)
  A jelly (D:5)
  8 orc priests
  4 hounds
  Crazy Yiuf (D:4)
  A sleepcap (D:7)
  4 iguanas
  Natasha (D:4)
  12 orc wizards
  A hell rat (Lair:4)
  2 mummies (Ossuary)
  24 gnolls
  3 adders
  2 shadow imps
  5 white imps
  2 ufetubi
  An adder zombie (Ossuary)
  A worm (D:4)
  6 dart slugs
  23 orcs
  4 ball pythons
  7 endoplasms
  A giant cockroach (D:2)
  9 goblins
  7 hobgoblins
  3 jackals (D:1)
  7 kobolds
  2 quokkas
  10 bats
  2 frilled lizards (D:2)
  2 goblin zombies
  8 hobgoblin zombies (Ossuary)
  A jackal zombie (Ossuary)
  12 kobold zombies (Ossuary)
  9 orc zombies (Ossuary)
  A quokka zombie (D:6)
  2 rats
  A rat zombie (Ossuary)
580 creatures vanquished.

Vanquished Creatures (collateral kills)
  A minotaur (Gauntlet)
  A vault guard (D:13)
  A hydra (Lair:3)
  A boulder beetle (Lair:2)
  2 centaur warriors (D:14)
  2 two-headed ogres
  A skeletal warrior (D:13)
  A skyshark (Lair:5)
  An oklob plant (Lair:1)
  2 ugly things
  2 manticores (D:14)
  A cyclops (D:14)
  3 elephants
  A gargoyle (D:12)
  2 black mambas
  A cane toad (Lair:2)
  An unseen horror (D:11)
  A rime drake (D:11)
  A tengu conjurer (D:13)
  3 komodo dragons
  2 polar bears (Lair:5)
  A raiju (Lair:5)
  5 dream sheep
  10 blink frogs
  3 slime creatures (D:14)
  A jumping spider (Lair:3)
  8 yaks
  3 wyverns
  2 vampire mosquitoes (D:11)
  A warg (Lair:5)
  An acid dragon (Gauntlet)
  A hell hound (Lair:5)
  2 water moccasins
  A swamp drake (D:9)
  3 black bears (Lair:5)
  A boggart (D:14)
  15 wolves
  6 bullfrogs
  A killer bee (Gauntlet)
  2 orc priests
  A jelly (D:8)
  2 orc wizards
  A gnoll (D:9)
  8 orcs
110 creatures vanquished.

Vanquished Creatures (others)
  2 ancestors (D:9)
  15 battlemagi
  8 foxfires
  14 starspawn tentacles (Abyss:3)
39 creatures vanquished.

Grand Total: 729 creatures vanquished

Notes
Turn   | Place    | Note
-------+----------+-------------------------------------------
     0 | D:1      | Essalna the Draconian Shapeshifter began the quest for the
                  | Orb.
     0 | D:1      | Reached XP level 1. HP: 16/16 MP: 1/1
   197 | D:1      | Reached XP level 2. HP: 23/23 MP: 2/2
   620 | D:2      | Reached skill level 2 in Fighting
   675 | D:2      | Found a faded altar of an unknown god.
   801 | D:2      | Reached XP level 3. HP: 26/29 MP: 3/3
  1091 | D:2      | Found Guiweful's Antique Weapon Shoppe.
  1485 | D:3      | Reached XP level 4. HP: 25/37 MP: 4/4
  1596 | D:3      | You fall into a shaft and drop 3 floors!
  1722 | D:6      | Reached skill level 3 in Fighting
  1743 | D:6      | Noticed an ice beast
  1750 | D:6      | Killed an ice beast
  1751 | D:6      | Reached XP level 5. HP: 35/46 MP: 5/5
  1762 | D:6      | Found a runed translucent gate.
  1763 | D:6      | Found a runed translucent gate.
  1763 | D:6      | Noticed an orc warrior
  1763 | D:6      | Noticed mohammadb5305's ghost (novice HuFE)
  1764 | D:6      | Found a runed translucent gate.
  1764 | D:6      | Identified the +10 plate armour "Foisael" {Harm *Corrode
                  | +Inv SInv}
  1764 | D:6      | Noticed an orc warrior
  1893 | D:6      | Noticed a sky beast
  1966 | D:6      | Killed a sky beast
  1967 | D:6      | Reached skill level 4 in Fighting
  1967 | D:6      | Reached XP level 6. HP: 35/52 MP: 6/6
  2073 | D:6      | Found a sand-covered staircase.
  2081 | Ossuary  | Entered an ossuary
  2281 | Ossuary  | Reached skill level 5 in Unarmed Combat
  2484 | D:5      | Entered Level 5 of the Dungeon
  2589 | D:5      | Your scales start taking on a fiery red colour.
  2589 | D:5      | Reached XP level 7. HP: 51/60 MP: 7/7
  2589 | D:5      | Gained mutation: Your flesh is heat resistant. (rF+) [Red
                  | Draconian growth]
  2658 | D:5      | Reached skill level 5 in Fighting
  2953 | D:5      | Reached skill level 5 in Shapeshifting
  3280 | D:4      | Noticed Blork the orc
  3280 | D:4      | Noticed Edmund
  3573 | D:4      | Killed Blork the orc
  3574 | D:4      | Reached skill level 6 in Fighting
  3574 | D:4      | Reached XP level 8. HP: 46/70 MP: 8/8
  3665 | D:4      | Killed Edmund
  3891 | D:4      | Noticed Eustachio
  3991 | D:4      | Killed Eustachio
  3992 | D:4      | Reached skill level 7 in Fighting
  4544 | D:4      | Noticed Natasha
  4551 | D:4      | Killed Natasha
  5015 | D:4      | Found a runed translucent door.
  5016 | D:4      | Noticed Crazy Yiuf
  5022 | D:4      | Killed Crazy Yiuf
  5069 | D:4      | Noticed Dowan
  5070 | D:4      | Noticed Duvessa
  5078 | D:4      | Killed Duvessa
  5097 | D:4      | Killed Dowan
  5363 | D:5      | Found an iron altar of Okawaru.
  6071 | D:7      | Reached XP level 9. HP: 72/79 MP: 9/9
  6333 | D:7      | Found a staircase to the Ecumenical Temple.
  6368 | Temple   | Entered the Ecumenical Temple
  6379 | Temple   | Became a worshipper of Hepliaklqana the Forgotten
  6411 | D:7      | Found a burning altar of Makhleb.
  6523 | D:7      | Noticed Prince Ribbit
  6527 | D:7      | Killed Prince Ribbit
  6576 | D:7      | Found a blossoming altar of Fedhas.
  6585 | D:7      | Noticed Pikel
  6614 | D:7      | Killed Pikel
  6615 | D:7      | Reached skill level 8 in Fighting
  6723 | D:7      | Found Awadie's Vocational Training.
  7953 | D:8      | Reached XP level 10. HP: 74/87 MP: 10/10
  8300 | D:8      | Found a snail-covered altar of Cheibriados.
  8350 | D:8      | Noticed a centaur warrior
  8355 | D:8      | Noticed a manticore
  8649 | D:7      | Reached skill level 9 in Fighting
  8758 | D:8      | Killed a manticore
  8764 | D:7      | Reached skill level 5 in Dodging
  8958 | D:8      | Noticed a white ugly thing
  8977 | D:8      | Killed a white ugly thing
  9287 | D:8      | Killed a centaur warrior
  9616 | D:9      | Reached * piety under Hepliaklqana
 10110 | D:9      | Noticed a two-headed ogre
 10116 | D:9      | Killed a two-headed ogre
 10117 | D:9      | Reached skill level 10 in Fighting
 10281 | D:9      | Reached XP level 11. HP: 60/89 MP: 11/11
 10285 | D:9      | Noticed Grum
 10311 | D:9      | Killed Grum
 10379 | D:9      | Found a staircase to the Orcish Mines.
 11084 | D:9      | Noticed Erica
 11096 | D:9      | Killed Erica
 11286 | Orc:1    | Entered Level 1 of the Orcish Mines
 11292 | Orc:1    | Noticed an orc sorcerer
 11373 | Orc:1    | Paralysed by an orc sorcerer for 5 turns
 11509 | Orc:1    | Killed an orc sorcerer
 11612 | Orc:1    | Found Jozeah's Jewellery Emporium.
 11626 | Orc:1    | Bought an amulet of regeneration for 540 gold pieces
 11722 | Orc:1    | Reached ** piety under Hepliaklqana
 11723 | Orc:1    | Remembered your ancestor Anedjib as a battlemage
 11849 | Orc:2    | Entered Level 2 of the Orcish Mines
 11964 | D:10     | Entered Level 10 of the Dungeon
 12023 | D:10     | Reached skill level 10 in Unarmed Combat
 12154 | D:10     | Found a glowing silver altar of Zin.
 12787 | D:11     | Noticed a cyan ugly thing
 12925 | D:11     | Reached skill level 11 in Fighting
 12967 | D:11     | Found a staircase to the Lair.
 12976 | D:11     | Killed a purple ugly thing
 13021 | D:11     | Noticed a two-headed ogre
 13028 | D:11     | Killed a two-headed ogre
 13294 | Lair:1   | Entered Level 1 of the Lair of Beasts
 13294 | Lair:1   | Noticed an oklob plant
 13300 | Lair:1   | Reached XP level 12. HP: 99/99 MP: 12/12
 13333 | Lair:1   | Reached *** piety under Hepliaklqana
 13424 | Lair:1   | You fall into a shaft and drop 1 floor!
 13424 | Lair:2   | Noticed a seven-headed hydra
 13424 | Lair:2   | Found a staircase to the Shoals.
 13438 | Lair:2   | Killed a seven-headed hydra
 13651 | Lair:1   | Reached skill level 12 in Fighting
 13761 | Lair:1   | Noticed Joseph
 13776 | Lair:1   | Killed Joseph
 14033 | Lair:1   | Noticed a catoblepas
 14046 | Lair:1   | Reached skill level 10 in Shapeshifting
 14070 | Lair:1   | Killed a catoblepas
 14625 | Lair:2   | Noticed a boulder beetle
 14638 | Lair:2   | Killed a boulder beetle
 14657 | Lair:2   | Reached **** piety under Hepliaklqana
 14698 | Lair:2   | Reached XP level 13. HP: 107/107 MP: 13/13
 14905 | Lair:2   | Reached skill level 13 in Fighting
 15736 | Lair:3   | Found a hole to the Spider Nest.
 15800 | Lair:3   | Identified the +1 robe of Zikkigib {Int+2 Dex+4}
 15897 | Lair:3   | Reached skill level 10 in Dodging
 16011 | Lair:3   | Found a runed translucent gate.
 16012 | Lair:3   | Found a runed translucent gate.
 16014 | Lair:3   | Found a runed translucent gate.
 16015 | Lair:3   | Noticed Opifex's ghost (journeyman SpHu)
 16560 | Lair:3   | Killed Opifex's ghost
 16690 | Lair:3   | Identified the +6 scimitar "Hydrabane" {venom, Fragile rF+
                  | rC++ Stlth+}
 16777 | Lair:4   | Found a gate leading to a gauntlet.
 16786 | Gauntlet | Entered a Gauntlet
 16786 | Gauntlet | Found a transporter.
 16786 | Gauntlet | Found a transporter.
 16786 | Gauntlet | Found a transporter.
 16787 | Gauntlet | Found a transporter.
 16790 | Gauntlet | Found a transporter.
 16805 | Gauntlet | Found a transporter.
 16815 | Gauntlet | Found a transporter.
 16823 | Gauntlet | Found a transporter.
 16829 | Gauntlet | Found a transporter.
 16845 | Gauntlet | Reached ***** piety under Hepliaklqana
 16847 | Gauntlet | Found a transporter.
 16852 | Gauntlet | Found a transporter.
 16875 | Gauntlet | Found a transporter.
 16997 | Gauntlet | Identified the ring "Zaf Sois" {Wiz rN+ Will+}
 17047 | Gauntlet | Identified the +0 cloak "Fangiqi" {Will++ rCorr Str-4 SInv}
 17119 | Gauntlet | Reached skill level 14 in Fighting
 17119 | Gauntlet | Reached XP level 14. HP: 118/118 MP: 14/14
 17741 | Lair:4   | Found a viscous altar of Jiyva.
 17742 | Lair:4   | Found a staircase to the Slime Pits.
 17978 | Lair:5   | Entered Level 5 of the Lair of Beasts
 18524 | Lair:5   | Reached skill level 15 in Fighting
 19320 | D:12     | Reached XP level 15. HP: 126/126 MP: 15/15
 20457 | D:13     | Found a gate to the Vaults.
 20978 | D:14     | Found Mocuamp's Jewellery Shop.
 21187 | D:14     | Found the +9 staff of Olgreb {rPois∞}
 21544 | D:14     | Learned a level 3 spell: Ozocubu's Armour
 21552 | D:14     | Reached ****** piety under Hepliaklqana
 21570 | Abyss:2  | Cast into level 2 of the Abyss (a wizard)
 21599 | Abyss:2  | Found a corrupted altar of Lugonu.
 21599 | Abyss:2  | Found a corrupted altar of Lugonu.
 21599 | Abyss:2  | Found a corrupted altar of Lugonu.
 21643 | Abyss:2  | Reached skill level 16 in Fighting
 21646 | Abyss:2  | Noticed a bone dragon
 21718 | D:14     | Escaped the Abyss
 21733 | D:14     | Reached skill level 15 in Unarmed Combat
 21879 | D:15     | Entered Level 15 of the Dungeon
 21930 | D:15     | Reached skill level 1 in Ice Magic
 21991 | D:15     | Noticed Agnes
 22003 | D:15     | Killed Agnes
 22004 | D:15     | Found Joif's Jewellery Shop.
 22299 | Abyss:3  | Cast into level 3 of the Abyss (a wizard)
 22334 | Abyss:3  | Found a corrupted altar of Lugonu.
 22365 | Abyss:3  | Noticed a bone dragon
 22372 | Abyss:3  | Noticed a tentacled starspawn
 22386 | Abyss:3  | Noticed a tentacled starspawn
 22411 | Abyss:3  | Found an ornate altar of the Wu Jian Council.
 22423 | Abyss:3  | Found a corrupted altar of Lugonu.
 22431 | Abyss:3  | Found a corrupted altar of Lugonu.
 22431 | Abyss:3  | Found an ornate altar of the Wu Jian Council.
 22431 | Abyss:3  | Noticed a tentacled starspawn
 22445 | Abyss:3  | Noticed a bone dragon
 22453 | Abyss:3  | Mangled by a bone dragon

Illustrated notes

Levels and vault maps discovered:
D:1:      sevenhm_arrival_forest_fort_small_3, layout_basic, serial_bayou_pond_d
D:2:      minmay_recursive_quarters, layout_loops_ring, serial_shops,
          nicolae_shop_dealshenge, basic_ecumenical_altar
D:3:      layout_rooms
D:4:      layout_loops_ring, uniq_duvessa, uniq_blork_the_orc, uniq_edmund,
          uniq_eustachio, uniq_natasha, uniq_crazy_yiuf_cottage
D:5:      layout_loops_corners, hellmonk_okawaru_the_only_friend_you_need,
          grunt_decor_one_mirror, minmay_misc_feat_x
D:6:      layout_basic, biasface_ghost_orc_armoury, enter_ossuary_4
D:7:      layout_basic, lemuel_crystal_altar, mainiacjoe_overflow_paths,
          minmay_temple_entry_large_hall, nicolae_shop_vocational, uniq_pikel,
          uniq_prince_ribbit1
D:8:      minmay_bloctagon, layout_gridville, general_overflow_altar
D:9:      layout_basic, erik_orc_1, uniq_erica, uniq_grum
D:10:     layout_loops_cross, kennysheep_mini
D:11:     layout_basic, hellmonk_lair_entry_icy
D:12:     layout_loops_cross
D:13:     layout_roguey, erik_vaults_2, serial_park_tiny_pond, pond
D:14:     layout_cave_pools, hangedman_decor_push, serial_shops, shop,
          chequers_jeans, nooodl_orcs_dogs
D:15:     hangedman_depths_entry_civil_slaughter, layout_long_grid,
          serial_shops, shop, uniq_agnes, uniq_jorgrun
Temple:   nicolae_temple_bog_church
Lair:1:   layout_cave_pods, dpeg_stationary_puzzle, infiniplex_staircase_pool,
          uniq_joseph
Lair:2:   nzn_winding_woodlands_stair_cross [nzn_winding_woodlands_5x15_pool,
          nzn_winding_woodlands_center_lodge,
          nzn_winding_woodlands_5x15_longhouse,
          nzn_winding_woodlands_5x5_closed_star,
          nzn_winding_woodlands_5x5_perimeter,
          nzn_winding_woodlands_5x15_zeroes,
          nzn_winding_woodlands_center_diamonds,
          nzn_winding_woodlands_5x15_pathside_ponds], layout_big_grid,
          elwin_shoals_entry_rocks, patterned_corridor
Lair:3:   layout_roguey, spider_nest_entry_rubble, gammafunk_ghost_hydra_chop,
          serial_bayou, serial_bayou_pond_e, serial_bayou_lagoon_a,
          serial_bayou_pond_b, serial_bayou_shore_a, serial_bayou_pond_a,
          chequers_serial_rivers_room_b, chequers_serial_rivers_micro_e,
          st_stairs_5
Lair:4:   layout_small_grid, slime_entry_1, gauntlet_entry_generic,
          grunt_forest_large_clearings
Lair:5:   hangedman_lair_caniforms_friends, layout_gridlike
Orc:1:    layout_caves, serial_shops, shop
Orc:2:    st_orc_rangers, layout_diamond_mine, guppyfry_orc_lava_fort
Abyss:3:  base:
D:10

Skill      XL: |  1  2  3  4  5  6  7  8  9 10 11 12 13 14 15 |
---------------+----------------------------------------------+-----
Fighting       | 2 3 4 6 7 8 10 11 12 14 15 16 | 16.2
Unarmed Combat | 4 5 6 7 8 9 10 12 13 14 15 | 15.1
Shapeshifting  | 4 5 6 7 8 9 10 11 12 13 | 13.0
Dodging        | 2 4 6 7 9 10 11 12 | 12.6
Ice Magic      | 2 |  2.0

Action                     |  1- 3 |  4- 6 |  7- 9 | 10-12 | 13-15 || total
---------------------------+-------+-------+-------+-------+-------++-------
  Melee: Unarmed           |   115 |   186 |   383 |   581 |  1005 ||  2270
         Tailslap          |    14 |    21 |    52 |   105 |   213 ||   405
         Punch             |     1 |     9 |     3 |    19 |   119 ||   151
         Maw               |       |       |       |    89 |   399 ||   488
 Invoke: Ancestor Life: Ba |       |       |       |     1 |       ||     1
Ability: Breathe Fire      |       |       |     3 |     1 |       ||     4
    Use: Scroll            |       |    10 |       |     3 |     5 ||    18
         Potion            |       |     3 |     4 |     4 |     7 ||    18
   Stab: Sleeping          |     1 |       |     1 |       |     3 ||     5
         Confused          |       |       |       |     2 |       ||     2
         Distracted        |       |       |       |     2 |    14 ||    16
 Armour: Skin              |    48 |    50 |   135 |   183 |   297 ||   713
  Dodge: Dodged            |    77 |    81 |   250 |   515 |  1146 ||  2069
   Form: Flux              |       |       |     1 |       |       ||     1
         Maw               |       |       |       |     1 |       ||     1

Table legend: (Time is in decaauts)
 A = Elapsed time spent in this place.
 B = Non-inter-level travel time spent in this place.
 C = Inter-level travel time spent in this place.
 D = Time resting spent in this place.
 E = Time spent auto-exploring this place.
 F = Levels seen in this place.
 G = Mean time per level.
                   A        B        C        D        E       F      G
               +--------+--------+--------+--------+--------+-----+--------+
         Total |  22116 |  20777 |   1339 |   1342 |  14706 |  27 |  819.1 |
       Dungeon |  15259 |  14228 |   1031 |   1261 |  10308 |  15 | 1017.3 |
        Temple |     22 |      2 |     20 |      0 |      0 |   1 |   22.0 |
          Lair |   5345 |   5101 |    244 |     81 |   3818 |   5 | 1069.0 |
  Orcish Mines |    413 |    369 |     44 |      0 |    305 |   2 |  206.5 |
         Abyss |    294 |    294 |      0 |      0 |     14 |   2 |  147.0 |
       Ossuary |    344 |    344 |      0 |      0 |    156 |   1 |  344.0 |
      Gauntlet |    435 |    435 |      0 |      0 |    105 |   1 |  435.0 |
               +--------+--------+--------+--------+--------+-----+--------+

Top non-repeatable levels by time:
     D:9: 1937 daAuts
     D:7: 1908 daAuts
     D:8: 1427 daAuts
     D:5: 1340 daAuts
     D:4: 1295 daAuts
     D:6: 1266 daAuts
  Lair:3: 1203 daAuts
  Lair:1: 1202 daAuts
  Lair:2: 1109 daAuts
  Lair:5: 975 daAuts
    D:14: 896 daAuts
    D:13: 866 daAuts
  Lair:4: 854 daAuts
     D:2: 793 daAuts
    D:12: 679 daAuts
